 Dungeon Crawl Stone Soup version 0.17.0-28-g6e173f8 (webtiles) character file.

194 gorblad the Sneak (level 5, 0/58 HPs)
             Began as a Demonspawn Assassin on Dec 4, 2015.
             Was an Initiate of Dithmenos.
             Slain by fredomojojo's ghost (2 damage)
             ... on level 4 of the Dungeon.
             The game lasted 00:07:11 (3313 turns).

gorblad the Sneak (Demonspawn Assassin)             Turns: 3313, Time: 00:07:12

Health: 0/58       AC:  6    Str: 16    XL:     5   Next: 44%
Magic:  5/5        EV: 14    Int: 13    God:    Dithmenos [......]
Gold:   123        SH:  0    Dex: 15    Spells: 0 memorised, 4 levels left

rFire  . . .     SeeInvis .     a - +2 dagger
rCold  . . .     Clarity  .     c - +0 robe
rNeg   . . .     SustAt   .     (no shield)
rPois  .         Gourm    .     (no helmet)
rElec  .         Spirit   .     d - +1 cloak
rCorr  .         Warding  .     (no gloves)
rMut   .         Stasis   .     (no boots)
MR     .....                    s - amulet of rage
Stlth  ..........               (no ring)
                                x - +1 ring of evasion

@: confused, berserking, very quick, not resistant to hostile enchantments,
extremely unstealthy
A: claws 1, thin metallic scales 1
a: Renounce Religion, Evoke Berserk Rage


You were on level 4 of the Dungeon.
You worshipped Dithmenos.
Dithmenos was noncommittal.
You were hungry.

You visited 1 branch of the dungeon, and saw 4 of its levels.

You collected 123 gold pieces.

Inventory:

Hand Weapons
 a - a +2 dagger (weapon)
 b - a +0 blowgun
Missiles
 e - 20 poisoned needles
 f - 2 curare-tipped needles
 v - 8 needles of confusion
Armour
 c - a +0 robe (worn)
 d - a +1 cloak (worn)
Jewellery
 s - an amulet of rage (around neck)
 x - a +1 ring of evasion (left claw)
Wands
 o - a wand of teleportation (1)
Scrolls
 k - 3 scrolls of remove curse
 l - 2 scrolls of fear
 n - a scroll of teleportation
 q - a scroll of immolation {unknown}
Potions
 h - a potion of haste {unknown}
 i - a potion of brilliance {unknown}
 j - a potion of heal wounds {unknown}
 m - 3 potions of invisibility {unknown}
 p - 2 potions of lignification {unknown}
 u - a potion of agility {unknown}
Comestibles
 g - 4 bread rations
 r - 3 chunks of flesh
 w - a meat ration


   Skills:
 + Level 2.7 Fighting
 + Level 2.3 Short Blades
 - Level 1.8 Throwing
 + Level 2.9 Dodging
 + Level 5.0 Stealth


You had 4 spell levels left.
You didn't know any spells.

Dungeon Overview and Level Annotations

Branches:
Dungeon (4/15)
 Temple: D:4-7

Altars:
Dithmenos

Annotations:
D:4 fredomojojo's ghost, amateur MiFi


Innate Abilities, Weirdness & Mutations

You have sharp fingernails.
You are partially covered in thin metallic scales (AC +2).


Message History

You closely miss fredomojojo's ghost.
Fredomojojo's ghost is lightly damaged.
You hear some strange, mumbled words.
You are confused.
The orc wizard casts a spell.
The orc wizard blinks!
Fredomojojo's ghost misses you.
You hit fredomojojo's ghost but do no damage.
Fredomojojo's ghost is lightly damaged.
The orc barely misses you. Something hits you but does no damage.
You hit the orc.
The orc is severely wounded.
Fredomojojo's ghost hits you.
* * * LOW HITPOINT WARNING * * *
You completely miss the orc.
The orc is severely wounded.
The orc priest hits you from afar with a trident.
* * * LOW HITPOINT WARNING * * *
Something hits you but does no damage. The orc hits you but does no damage.
Fredomojojo's ghost hits you.
You die...

#................... ..
#..###.######..##..#
..###........####..##..#
........................
.............#.#........
#.....##.............##
##.........?..........##
......W###.##.?#.......#
#.o....@........... ....
..ยง..oo............ #.
.....#............. ##
.... #...............##.
#(# #..................
. ...................#
..#.##............. #
#.... ..............##
#.##. #..#.#...#......


You could see an orc priest, an orc wizard, fredomojojo's ghost and an orc.

Vanquished Creatures
  The ghost of gorblad the Sneak, an amateur KoAs (D:3)
  4 adders
  3 worms
  A giant gecko (D:3)
  2 orcs (D:3)
  6 giant cockroaches
  9 goblins
  6 hobgoblins
  13 jackals
  7 kobolds
  A quokka (D:3)
  2 ball pythons
  12 bats
  3 giant newts
  5 rats
75 creatures vanquished.

Notes
Turn   | Place    | Note
--------------------------------------------------------------
     0 | D:1      | gorblad the Demonspawn Assassin began the quest for the Orb.
     0 | D:1      | Reached XP level 1. HP: 16/16 MP: 1/1
    99 | D:1      | Reached skill level 1 in Dodging
   173 | D:1      | Gained mutation: You are partially covered in thin metallic scales (AC +2). [demonic ancestry]
   173 | D:1      | Reached XP level 2. HP: 11/22 MP: 2/2
   863 | D:1      | Reached skill level 4 in Stealth
  1284 | D:2      | Gained mutation: You have sharp fingernails. [demonic ancestry]
  1284 | D:2      | Reached XP level 3. HP: 19/27 MP: 3/3
  2125 | D:3      | Found a faded altar to an unknown god.
  2132 | D:3      | Noticed gorblad's ghost (amateur KoAs)
  2142 | D:3      | Killed gorblad's ghost
  2142 | D:3      | Reached XP level 4. HP: 34/34 MP: 4/4
  2244 | D:3      | Reached XP level 5. HP: 28/39 MP: 5/5
  3236 | D:4      | Found a shadowy altar of Dithmenos.
  3249 | D:4      | Became a worshipper of Dithmenos the Shadowed
  3277 | D:4      | Noticed fredomojojo's ghost (amateur MiFi)
  3298 | D:4      | Reached skill level 5 in Stealth
  3313 | D:4      | HP: 2/58 [orc priest/trident (4)]
  3313 | D:4      | Slain by fredomojojo's ghost

Action                   |  1- 3 |  4- 6 || total
-------------------------+-------+-------++-------
Melee: Dagger            |   133 |   152 ||   285
 Abil: Evoke Berserk Rag |     1 |     1 ||     2
  Use: Scroll            |     6 |     2 ||     8
 Stab: Sleeping          |     9 |     6 ||    15
       Distracted        |     1 |       ||     1
  Eat: Chunk             |     4 |     4 ||     8
